Map: Ever Dream LE

Players

stunitas - Winner!

  • Race: Protoss Protoss
  • League: Platinum
  • Spawn Location: 7:00

JohnnyV

  • Race: Terran Terran
  • League: Bronze
  • Spawn Location: 1:00

VOD

Have the link to the VOD?

Description

Time

  • Played on: April 30, 2020, 2:36 p.m.
  • Length: 3:06
Show
View Real Time Build Order
Export as new Build Order

stunitas Protoss - Winner!

Build Orders:  

Get SALT Encoding   

  12  0:01  Probe  
  13  0:13  Probe  
  14  0:25  Probe  
  14  0:26  Pylon  
  15  0:45  Gateway  
  15  0:46  Gateway  
  15  0:49  Probe  
  16  1:00  Assimilator  
  16  1:02  Probe  
  17  1:09  Pylon  
  17  1:14  Probe  
  18  1:26  Probe  
  18  1:32  Cybernetics Core  
  19  1:35  Zealot  
  21  1:41  Probe  
  21  1:44  Assimilator  
  22  1:54  Probe  
  23  2:06  Stalker x2 (Chrono Boost)  
  25  2:11  Probe  
  28  2:18  Pylon  
  29  2:31  Stalker  
  29  2:36  Stalker  
  32  2:57  Pylon  
Show
View Real Time Build Order
Export as new Build Order

JohnnyV Terran 

Build Orders:  

Get SALT Encoding   

  12  0:01  SCV  
  13  0:16  Supply Depot  
  13  0:17  SCV  
  14  0:24  Refinery  
  14  0:30  SCV  
  15  0:42  Barracks  
  15  0:45  SCV  
  16  0:57  SCV  
  17  1:05  Supply Depot  
  17  1:09  SCV  
  18  1:22  SCV  
  18  1:24  Refinery  
  19  1:32  Reaper  
  20  1:34  SCV  
  21  1:49  Factory  
  21  1:56  Orbital Command  
  22  2:09  Reaper  
Tags
 
Add a new tag
Caveats
  • Supply blocks, unpowered buildings, or Contaminate may cause inaccurate times.
  • Supply counts are checked every 10 seconds.